 Dungeon Crawl Stone Soup version 0.20.1-1-g8b1a95d66d (webtiles) character file.

408 NullDivider the Sneak (level 6, -2/41 HPs)
             Began as an Octopode Artificer on Dec 11, 2017.
             Slain by an orc zombie (4 damage)
             ... in an ossuary.
             The game lasted 00:16:52 (3850 turns).

NullDivider the Sneak (Octopode Artificer)          Turns: 3850, Time: 00:16:52

Health: -2/41      AC:  1    Str: 11    XL:     6   Next: 88%
Magic:  9/9        EV: 15    Int: 13    God:
Gold:   166        SH:  0    Dex: 15    Spells: 5/5 levels left

rFire    . . .     SeeInvis .   w - +2 short sword (elec)
rCold    . . .     Gourm    .   (no shield)
rNeg     + . .     Faith    .   (helmet restricted)
rPois    .         Spirit   .   (no amulet)
rElec    .         Reflect  .   i - ring of positive energy
rCorr    .         Harm     .   (no ring)
MR       .....                  (no ring)
Stlth    ++........             (no ring)
Regen    0.2/turn               (no ring)
MPRegen  0.2/turn               (no ring)
                                (no ring)
                                (no ring)

@: lethally poisoned (-2 -> -3), glowing
A: almost no armour, stealthy swim, amphibious, 8 rings, constrict 8, camouflage
1, gelatinous body 1
a: no special abilities


You were in an ossuary.
You were very hungry.

You visited 1 branch of the dungeon, and saw 4 of its levels.
You also visited: Ossuary.

You collected 166 gold pieces.

Inventory:

Hand Weapons
 w - a +2 short sword of electrocution (weapon)
Jewellery
 i - a ring of positive energy (left tentacle)
Wands
 b - a wand of flame (6/48)
 c - a wand of enslavement (11/24)
Scrolls
 a - a scroll of enchant weapon {unknown}
 e - 3 scrolls of recharging {unknown}
 m - 3 scrolls of immolation {unknown}
 n - 3 scrolls of remove curse {unknown}
 p - 2 scrolls of teleportation {unknown}
 u - 2 scrolls of identify {unknown}
 x - 2 scrolls of magic mapping {unknown}
 y - a scroll of fear {unknown}
Potions
 j - 2 potions of mutation {unknown}
 k - 2 potions of might {unknown}
 l - 2 potions of curing {unknown}
 q - a potion of flight {unknown}
 r - a potion of resistance {unknown}
 z - a potion of invisibility {unknown}
Comestibles
 f - 4 bread rations
 o - 3 royal jellies
 s - 4 fruits
 t - a meat ration


   Skills:
 + Level 2.6 Fighting
 + Level 3.0 Short Blades
 + Level 3.5 Dodging
 * Level 5.5 Stealth
 + Level 4.3 Evocations


You had 5 spell levels left.
You didn't know any spells.

Dungeon Overview and Level Annotations

Branches:
Dungeon (4/15)
 Temple: D:4-7

Altars:
Ashenzari
Fedhas
Trog

Annotations:
Ossuary qepasa's ghost, novice FoEn


Innate Abilities, Weirdness & Mutations

You cannot wear most types of armour.
You are very stealthy in the water. (Stealth+)
You are amphibious.
You can wear up to eight rings at the same time.
You can use your tentacles to constrict eight enemies at once.
Your skin changes colour to match your surroundings (Stealth+).
Your rubbery body absorbs attacks. (AC +1, EV +1)


Message History

Aim: qepasa's ghost Qepasa's ghost is unaffected.
This wand has 12 charges left.
Qepasa's ghost hits you.
* * * LOW HITPOINT WARNING * * *
The orc zombie misses you.
Evoke which item? (* to show all) (? for menu, Esc to quit)
Aiming: Random Effects
Press: ? - help, Shift-Dir - straight line, f/p - qepasa's ghost
Aim: qepasa's ghost Qepasa's ghost is unaffected.
This wand has 11 charges left.
Qepasa's ghost hits you.
* * * LOW HITPOINT WARNING * * *
That item cannot be evoked!
Drop what? 23/52 slots (_ for help) (? for menu, Esc to quit)
Drop what? 23/52 slots (_ for help) (? for menu, Esc to quit)
You don't have any such object.
Drop what? 23/52 slots (_ for help) (? for menu, Esc to quit)
You drop a wand of random effects (11/48).
The orc zombie hits you.
You die...

#'#######
#^^^# #^^^#
#..^# #^..#
###'# #.^.#
#WZ^# #.@.#
#^^.# #'###
#^..#
#^..##### ####
#...#...#?!!!#
#...'.∩.#!|(?+
#∩..#...#!??!#
######### ####


You could see qepasa's ghost and an orc zombie.

Vanquished Creatures
  The ghost of Necrophagist the Magician, an amateur DEAE (D:3)
  A scorpion (D:4)
  A howler monkey (D:4)
  A centaur skeleton (D:4)
  3 orcs
  5 gnolls
  4 adders
  An adder skeleton (D:4)
  3 adder zombies (Ossuary)
  2 worms (D:2)
  4 dart slugs
  4 leopard geckos
  8 bats
  5 giant cockroaches
  8 goblins
  3 hobgoblins
  8 jackals
  2 quokkas (D:2)
  2 ball pythons
  7 frilled lizards
  2 hobgoblin zombies (Ossuary)
  A jackal skeleton (D:4)
  10 kobolds
  A kobold zombie (Ossuary)
  3 orc zombies (Ossuary)
  7 rats
97 creatures vanquished.

Vanquished Creatures (collateral kills)
  A gnoll (D:4)
  4 orcs (D:3)
  A kobold (D:3)
6 creatures vanquished.

Vanquished Creatures (others)
  An orc priest (D:3)
  A gnoll (D:4)
2 creatures vanquished.

Grand Total: 105 creatures vanquished

Notes
Turn   | Place    | Note
-------+----------+-------------------------------------------
     0 | D:1      | NullDivider the Octopode Artificer began the quest for the Orb.
     0 | D:1      | Reached XP level 1. HP: 13/13 MP: 3/3
    16 | D:1      | Reached XP level 2. HP: 14/18 MP: 4/4
   395 | D:1      | Reached skill level 2 in Stealth
   476 | D:1      | Reached XP level 3. HP: 18/23 MP: 5/5
   987 | D:2      | Found a shattered altar of Ashenzari.
  1178 | D:2      | Reached skill level 3 in Stealth
  1178 | D:2      | Reached XP level 4. HP: 12/28 MP: 6/6
  1966 | D:2      | Reached XP level 5. HP: 34/34 MP: 7/7
  2275 | D:3      | Found a bloodstained altar of Trog.
  2546 | D:3      | Noticed Necrophagist's ghost (amateur DEAE)
  2549 | D:3      | Killed Necrophagist's ghost
  2549 | D:3      | Reached skill level 4 in Stealth
  2672 | D:3      | Found a blossoming altar of Fedhas.
  3041 | D:4      | Reached XP level 6. HP: 39/39 MP: 9/9
  3087 | D:4      | Reached skill level 5 in Stealth
  3386 | D:4      | Found a sand-covered staircase.
  3390 | Ossuary  | Entered an ossuary
  3771 | Ossuary  | Noticed qepasa's ghost (novice FoEn)
  3821 | Ossuary  | HP: 1/41 [qepasa's ghost (3)]
  3838 | Ossuary  | HP: 1/41 [qepasa's ghost (7)]
  3849 | Ossuary  | HP: 2/41 [qepasa's ghost (6)]
  3850 | Ossuary  | Slain by an orc zombie

Skill      XL: |  1  2  3  4  5  6 |
---------------+-------------------+-----
Stealth        | 2 3 4 5 |  5.5
Short Blades   | 2 3 |  3.0
Evocations     | 4 |  4.3
Fighting       | 2 |  2.6
Dodging        | 3 |  3.5

Action                   |  1- 3 |  4- 6 || total
-------------------------+-------+-------++-------
Melee: Short sword       |    82 |   121 ||   203
       Constrict         |    21 |    25 ||    46
       Tentacles         |    11 |    18 ||    29
Evoke: Wand              |       |    17 ||    17
  Use: Potion            |       |     7 ||     7
 Stab: Sleeping          |    12 |    17 ||    29
  Eat: Chunk             |     1 |     7 ||     8
Armor: Skin              |     6 |     3 ||     9
Dodge: Dodged            |    46 |    84 ||   130
